 Dungeon Crawl Stone Soup version 0.27.1-1-g398f81649c (webtiles) character file.

Game seed: 6219074027313332567

87 ABBCCCDDDD the Skirmisher (level 4, -2/31 HPs)
             Began as an Octopode Warper on Sept 9, 2021.
             Killed from afar by Natasha (8 damage)
             ... with a puff of flame
             ... on level 2 of the Dungeon.
             The game lasted 00:02:11 (1980 turns).

ABBCCCDDDD the Skirmisher (Octopode Warper)         Turns: 1980, Time: 00:02:11

Health: -2/31      AC:  1    Str: 10    XL:     4   Next: 51%
Magic:  7/7        EV: 13    Int: 16    God:
Gold:   70         SH:  0    Dex: 11    Spells: 7/7 levels left

rFire    . . .     SeeInvis .     - Unarmed
rCold    . . .     Faith    .   (no shield)
rNeg     . . .     Spirit   .   (helmet restricted)
rPois    .         Reflect  .   (no amulet)
rElec    .         Harm     .   (no ring)
rCorr    .         Rampage  .   (no ring)
Will     .....                  (no ring)
Stlth    ++........             (no ring)
HPRegen  0.10/turn              (no ring)
MPRegen  0.10/turn              (no ring)
                                (no ring)
                                (no ring)

@: slowed, very slow
A: almost no armour, amphibious, 8 rings, camouflage 1, gelatinous body 1,
(nimble swimmer 1), tentacles
a: no special abilities


You were on level 2 of the Dungeon.
You visited 1 branch of the dungeon, and saw 2 of its levels.

You collected 70 gold pieces.

Inventory:

Hand Weapons
 a - a +3 hunting sling of flaming
Missiles
 b - 5 boomerangs of dispersal (quivered)
 h - 128 stones
 m - 17 sling bullets
Scrolls
 c - a scroll of holy word {unknown}
 d - 2 scrolls of identify {unknown}
 e - a scroll of teleportation {unknown}
 f - a scroll of blinking
 g - a scroll of enchant weapon {unknown}
 k - a scroll of summoning {unknown}
 l - a scroll of enchant armour {unknown}
 n - a scroll of torment {unknown}
Potions
 i - a potion of curing {unknown}
 j - a potion of degeneration {unknown}


   Skills:
 + Level 3.1 Fighting
 + Level 2.1(2.2) Slings
 - Level 1.0(1.6) Throwing
 - Level 2.3 Dodging
 + Level 3.0 Unarmed Combat
 - Level 2.0 Spellcasting
 - Level 3.0 Translocations


You had 7 spell levels left.
You didn't know any spells.
Your spell library contained the following spells:

 Spells                   Type           Power      Damage    Failure   Level
 Blink                    Tloc           N/A        N/A       9%          2
 Gell's Gravitas          Tloc           5%         N/A       19%         3
 Lesser Beckoning         Tloc           5%         N/A       19%         3
 Teleport Other           Tloc           11%        N/A       19%         3
 Manifold Assault         Tloc           11%        N/A       86%         5


Dungeon Overview and Level Annotations

Branches:
Dungeon (2/15)

Altars:
Vehumet

Annotations:
D:2 Natasha, Terence


Innate Abilities, Weirdness & Mutations

You cannot wear most types of armour.
You are amphibious.
You can wear up to eight rings at the same time.
Your skin changes colour to match your surroundings (Stealth+).
Your rubbery body absorbs attacks. (AC +1, EV +1)
((You are camouflaged near water. (Stealth+)))
You have tentacles for arms and can constrict up to eight enemies at once.


Message History

You kill the endoplasm!
h - 109 stones (gained 1)
You see here a jackal corpse.
h - 110 stones (gained 1)
h - 111 stones (gained 1)
Found 21 stones.
h - 132 stones (gained 21) Natasha, Servant of Life and Death comes into view.
She is carrying a wand of flame (24).
You shoot a stone.
Natasha hisses angrily.
The stone hits Natasha.
The stone burns Natasha.
Natasha is moderately wounded.
Natasha casts a spell at you. You resist with some effort.
You shoot a stone. The stone closely misses Natasha.
You shoot a stone.
The stone hits Natasha but does no damage.
Natasha is moderately wounded.
Natasha casts a spell at you.
You feel yourself slow down.
You shoot a stone.
The stone hits Natasha but does no damage.
Natasha is moderately wounded.
Natasha drinks a potion.
Natasha suddenly seems more resistant.
Your +3 hunting sling of flaming stops flaming.
You are now empty-tentacled.
Natasha claws you!
A rat comes into view.
You closely miss Natasha. You grab Natasha.
Natasha is moderately wounded.
You constrict Natasha, but do no damage.
Natasha zaps a wand.
The puff of flame hits you!
You are too injured to fight recklessly!
You barely miss Natasha.
Natasha is lightly wounded.
You constrict Natasha.
Natasha stares at you and mumbles some strange words.
The magic dart hits you!
* * * LOW HITPOINT WARNING * * *
Natasha zaps a wand.
The puff of flame hits you!
You die...

#.#
#.#
#.#
#.#
#.#
#.#
#.#
#.#
#@#
#h#
(r#
(###
..
..
#.#
.(


You could see Natasha (resistant) and a rat.

Levels and vault maps discovered:
D:1:      heliophobic_arrival_henge, layout_loops_ring, minmay_tromino_i2
D:2:      layout_basic, basic_altar, hellmonk_ecumenical_altar_lost_god,
          uniq_terence, uniq_natasha

Notes
Turn   | Place    | Note
-------+----------+-------------------------------------------
     0 | D:1      | ABBCCCDDDD the Octopode Warper began the quest for the Orb.
     0 | D:1      | Reached XP level 1. HP: 14/14 MP: 3/3
   584 | D:1      | Reached XP level 2. HP: 19/19 MP: 5/5
   896 | D:1      | Reached skill level 1 in Slings
  1200 | D:2      | Noticed Natasha
  1208 | D:2      | Killed Natasha
  1209 | D:2      | Reached XP level 3. HP: 9/25 MP: 6/6
  1530 | D:2      | Noticed Natasha
  1532 | D:2      | Killed Natasha
  1533 | D:2      | Reached XP level 4. HP: 31/31 MP: 7/7
  1541 | D:2      | Noticed Terence
  1579 | D:2      | Found a radiant altar of Vehumet.
  1893 | D:2      | Found a faded altar of an unknown god.
  1973 | D:2      | Noticed Natasha
  1980 | D:2      | Killed from afar by Natasha

Table legend: (Time is in decaauts)
 A = Elapsed time spent in this place.
 B = Non-inter-level travel time spent in this place.
 C = Inter-level travel time spent in this place.
 D = Time resting spent in this place.
 E = Time spent auto-exploring this place.
 F = Levels seen in this place.
 G = Mean time per level.
                   A        B        C        D        E       F      G
               +--------+--------+--------+--------+--------+-----+--------+
         Total |   1982 |   1934 |     48 |    387 |   1297 |   2 |  991.0 |
       Dungeon |   1982 |   1934 |     48 |    387 |   1297 |   2 |  991.0 |
               +--------+--------+--------+--------+--------+-----+--------+

Top non-repeatable levels by time:
     D:1: 1063 daAuts
     D:2: 919 daAuts

Table legend:
 A = Kills in this place as a percentage of kills in entire the game.
 B = Kills by you in this place as a percentage of kills by you in the entire game.
 C = Kills by friends in this place as a percentage of kills by friends in the entire game.
 D = Other kills in this place as a percentage of other kills in the entire game.
 E = Experience gained in this place as a percentage of experience gained in the entire game.
 F = Experience gained in this place divided by the number of levels of this place that you have seen.
                   A       B       C       D       E      F
               +-------+-------+-------+-------+-------+----------------------
         Total | 100.0 | 100.0 |   N/A |   N/A | 100.0 |  62.5
       Dungeon | 100.0 | 100.0 |   N/A |   N/A | 100.0 |  62.5
               +-------+-------+-------+-------+-------+----------------------

Action                   |  1- 3 |  4- 6 || total
-------------------------+-------+-------++-------
Melee: Unarmed           |    29 |     2 ||    31
       Constrict         |     5 |     1 ||     6
       Tentacles         |     3 |       ||     3
 Fire: Hunting sling     |    24 |    21 ||    45
 Stab: Sleeping          |     4 |       ||     4
Armor: Skin              |     9 |       ||     9
Dodge: Dodged            |    25 |     4 ||    29

Vanquished Creatures
  Natasha (twice) (D:2)
  An adder (D:2)
  5 endoplasms
  A giant cockroach (D:2)
  A hobgoblin (D:2)
  2 jackals (D:2)
  2 ball pythons
  5 bats
  2 frilled lizards
  3 goblins
  4 kobolds (D:1)
  2 rats (D:1)
30 creatures vanquished.
